 Dungeon Crawl Stone Soup version 0.30-a0-772-g5528072125 (webtiles) character file.

Game seed: 14275588102598883437

274 dolemite99 the Trooper (level 6, -1/47 HPs)
             Began as a Djinni Earth Elementalist on Feb 13, 2023.
             Was an Initiate of Nemelex Xobeh.
             Slain by a black bear (12 damage)
             ... on level 4 of the Dungeon.
             The game lasted 00:03:52 (3027 turns).

dolemite99 the Trooper (Djinni Earth Elementalist)  Turns: 3027, Time: 00:03:53

Health: -1/47      AC:  3    Str: 11    XL:     6   Next: 49%
Gold:   77         EV: 12    Int: 19    God:    Nemelex Xobeh [......] SH:  0 Dex: 19

rFire   + + .      SeeInvis .    f - +0 sling
rCold   + . .      Faith    .    (no shield)
rNeg    . . .      Spirit   .    r - +1 robe "Irodeji" {rC++ Str+4}
rPois   ∞          Reflect  .    (no helmet)
rElec   .          Harm     .    (no cloak)
rCorr   .          Rampage  .    (no gloves)
Will    .....                    (boots unavailable)
Stlth   ++                       (no amulet)
HPRegen 0.27/turn                o - +6 ring of dexterity
MPRegen 0.00/turn                (no ring)

@: flying, very slightly contaminated
A: sickness immunity, fire resistance 2, cold vulnerability 1, float, innate
caster, HP casting, extra vitality 1
a: Renounce Religion, Draw Escape, Draw Destruction, Draw Summoning


You were on level 4 of the Dungeon.
You worshipped Nemelex Xobeh.
Nemelex Xobeh was noncommittal.
You visited 1 branch of the dungeon, and saw 4 of its levels.

You collected 137 gold pieces.
You spent 60 gold pieces at shops.

Inventory:

Hand Weapons
 d - a +0 dagger
 e - a +0 spear
 f - a +0 sling (weapon)
Missiles
 l - 5 poisoned darts
 u - a throwing net
Armour
 a - a +0 robe
 h - a +1 leather armour of poison resistance
 r - the +1 robe "Irodeji" (worn) {rC++ Str+4}
   (You found it on level 3 of the Dungeon)

   Str:       It affects your strength (+4).
   rC:        It greatly protects you from cold.
Jewellery
 o - a +6 ring of dexterity (left hand)
Scrolls
 k - 2 scrolls of teleportation
 n - a scroll of torment
 p - a scroll of fear
 s - 2 scrolls of poison {unknown}
 t - a scroll of blinking {unknown}
 v - a scroll of immolation {unknown}
Potions
 b - a potion of lignification {unknown}
 c - 4 potions of curing
 g - a potion of cancellation
 i - a potion of heal wounds
 j - a potion of attraction
 m - 2 potions of brilliance
 q - a potion of degeneration


   Skills:
 + Level 4.2 Fighting
 - Level 2.1 Dodging
 - Level 1.5 Stealth
 - Level 3.9 Spellcasting


You couldn't memorise any spells.
You knew the following spells:

 Your Spells              Type           Power      Damage    Failure   Level
a - Sandblast             Erth           36%        2d10      2%          1
b - Stone Arrow           Conj/Erth      36%        3d9       9%          3
c - Passwall              Tmut/Erth      15%        N/A       4%          2
d - Petrify               Tmut/Erth      18%        N/A       26%         4
e - Beastly Appendage     Tmut           36%        N/A       2%          1
f - Scorch                Fire           36%        2d7       4%          2
Your spell library was empty.

Dungeon Overview and Level Annotations

Branches:
Dungeon (4/15)
 Temple: D:4-7

Altars:
Elyvilon
Nemelex Xobeh

Shops:
D:2 (([!


Innate Abilities, Weirdness & Mutations

You are immune to sickness and miasma.
You are immune to poison.
Your flesh is very heat resistant. (rF++)
You are vulnerable to cold. (rC-)
You float through the air rather than walking.
You learn spells naturally, not from books.
Your magical power is your life essence.
You have superior vitality. (+4 MHP)


Message History

The blast of sand hits the black bear!
The black bear is almost dead.
The black bear barely misses you.
The black bear claws you but does no damage.
The black bear claws you.
Casting: Sandblast (safe; 2% risk of failure)
Confirm with . or Enter, or press ? or * to list all spells.
Aiming: Stone Arrow (dangerous; 9% risk of failure)
Press: ? - help, Shift-Dir - straight line, f/p - black bear
Aim: a black bear (almost dead, 77% to hit)
The stone arrow misses the black bear.
The black bear bites you. The black bear claws you. x2
Casting: Stone Arrow (dangerous; 9% risk of failure)
Confirm with . or Enter, or press ? or * to list all spells.
Aiming: Stone Arrow (dangerous; 9% risk of failure)
Press: ? - help, Shift-Dir - straight line, f/p - black bear
Aim: a black bear (severely wounded, 77% to hit)
The stone arrow misses the black bear.
The black bear bites you. The black bear claws you. x2
Casting: Stone Arrow (dangerous; 9% risk of failure)
Confirm with . or Enter, or press ? or * to list all spells.
Aiming: Stone Arrow (dangerous; 9% risk of failure)
Press: ? - help, Shift-Dir - straight line, f/p - black bear
Aim: a black bear (severely wounded, 77% to hit)
You miscast Stone Arrow.
You are very lightly contaminated with residual magic.
Nothing appears to happen.
The black bear goes berserk!
Casting: Stone Arrow (dangerous; 9% risk of failure)
Confirm with . or Enter, or press ? or * to list all spells.
Aiming: Sandblast (safe; 2% risk of failure)
Press: ? - help, Shift-Dir - straight line, f/p - black bear
Aim: a black bear (severely wounded, berserk, 87% to hit)
The blast of sand misses the black bear.
The black bear closely misses you. The black bear claws you.
* * * LOW HITPOINT WARNING * * *
The black bear claws you.
* * * LOW HITPOINT WARNING * * *
The black bear bites you!
You die...
Your body disappears without a glow.

######### ###
#.......# ..#
#.......# #.#
#.>.....# #.#
#......># #h#
#.......#
#@###.......#
#...........#
#..###.#.#.##
#...##.#.#.#
#########
##.......#.#
#...)...#
#..#....#.#
#.......#
#..#......#
#..#+#..#####
#.......###.#
#..#.#......###
#...........#


You could see a black bear (berserk).

Vanquished Creatures
  A scorpion (D:4)
  A jelly (D:4)
  Jessica (D:3)
  An iguana (D:4)
  Terence (D:3)
  A gnoll (D:1)
  3 adders
  A worm (D:2)
  2 orcs
  6 ball pythons
  6 bats
  5 endoplasms
  2 giant cockroaches (D:2)
  5 goblins
  10 hobgoblins
  3 jackals (D:1)
  A quokka (D:2)
  3 frilled lizards
  10 kobolds
  3 rats
66 creatures vanquished.

Notes
Turn   | Place    | Note
-------+----------+-------------------------------------------
     0 | D:1      | dolemite99 the Djinni Earth Elementalist began the quest
                  | for the Orb.
     0 | D:1      | dolemite99 set off with the following spells memorised:
                  | Sandblast, Passwall, Stone Arrow, Petrify.
     0 | D:1      | Reached XP level 1. HP: 15/15 MP: 0/0
   147 | D:1      | Reached XP level 2. HP: 7/21 MP: 0/0
   517 | D:1      | Reached XP level 3. HP: 25/25 MP: 0/0
   517 | D:1      | Learned a level 1 spell: Beastly Appendage
  1091 | D:2      | Found Sasicips's Distillery.
  1098 | D:2      | Bought a potion of curing for 30 gold pieces
  1098 | D:2      | Bought a potion of curing for 30 gold pieces
  1240 | D:2      | Found Avea's Armour Shoppe.
  1254 | D:2      | Found Elokuen's Weapon Emporium.
  1266 | D:2      | Reached XP level 4. HP: 29/31 MP: 0/0
  1461 | D:2      | Found Sovinat's Antique Weapon Shop.
  1924 | D:3      | Noticed Jessica
  1928 | D:3      | Killed Jessica
  1929 | D:3      | Reached skill level 1 in Fighting
  1929 | D:3      | Reached XP level 5. HP: 36/37 MP: 0/0
  1929 | D:3      | Learned a level 2 spell: Scorch
  1956 | D:3      | Noticed Terence
  1965 | D:3      | Killed Terence
  1966 | D:3      | Reached skill level 2 in Fighting
  2153 | D:3      | Identified the +1 robe "Irodeji" {rC++ Str+4}
  2308 | D:3      | Found a faded altar of an unknown god.
  2318 | D:3      | Prayed at the altar of an unknown god.
  2318 | D:3      | Became a worshipper of Elyvilon the Healer
  2318 | D:3      | Reached * piety under Elyvilon
  2473 | D:4      | Reached skill level 3 in Fighting
  2541 | D:4      | Reached XP level 6. HP: 28/47 MP: 0/0
  2543 | D:4      | Reached skill level 4 in Fighting
  2859 | D:4      | Found a sparkling altar of Nemelex Xobeh.
  2869 | D:4      | Fell from the grace of Elyvilon
  2869 | D:4      | Became a worshipper of Nemelex Xobeh the Trickster
  3019 | D:4      | Noticed a black bear
  3027 | D:4      | Slain by a black bear

Illustrated notes

Levels and vault maps discovered:
D:1:      eino_arrival_cavern_a, layout_basic, kennysheep_flooded_box,
          minmay_shallow_snake_nest
D:2:      wad_crossroads, layout_basic, serial_shops, shop_fountains,
          nicolae_shop_waterfront, nicolae_shop_bloodbath_and_beyond,
          nicolae_shop_waterfront
D:3:      layout_rooms, hellmonk_ecumenical_altar_prayer_group, uniq_jessica,
          uniq_terence
D:4:      layout_loops_cross, mainiacjoe_overflow_surrounded_room, temple_hall

Skill      XL: |  1  2  3  4  5  6 |
---------------+-------------------+-----
Spellcasting   | 3 |  3.9
Fighting       | 1 3 4 |  4.2
Dodging        | |  2.1
Stealth        | |  1.5

Action                     |  1- 3 |  4- 6 || total
---------------------------+-------+-------++-------
   Fire: Sling             |       |     4 ||     4
   Cast: Sandblast         |    43 |    53 ||    96
         Stone Arrow       |       |     5 ||     5
    Use: Scroll            |       |     8 ||     8
 Armour: Robe              |     1 |     9 ||    10
         Leather armour    |     3 |     5 ||     8
  Dodge: Dodged            |    14 |    20 ||    34

Table legend: (Time is in decaauts)
 A = Elapsed time spent in this place.
 B = Non-inter-level travel time spent in this place.
 C = Inter-level travel time spent in this place.
 D = Time resting spent in this place.
 E = Time spent auto-exploring this place.
 F = Levels seen in this place.
 G = Mean time per level.
                   A        B        C        D        E       F      G
               +--------+--------+--------+--------+--------+-----+--------+
         Total |   3074 |   2972 |    102 |    747 |   1671 |   4 |  768.5 |
       Dungeon |   3074 |   2972 |    102 |    747 |   1671 |   4 |  768.5 |
               +--------+--------+--------+--------+--------+-----+--------+

Top non-repeatable levels by time:
     D:1: 988 daAuts
     D:2: 824 daAuts
     D:3: 665 daAuts
     D:4: 595 daAuts
